 Dungeon Crawl Stone Soup version 0.17-a0-1945-gfe993df (webtiles) character file.

1226 Kusio the Basher (level 8, -2/78 HPs)
             Began as an Ogre Berserker on Oct 1, 2015.
             Was a Priest of Trog.
             Slain by an orc
             ... wielding a +0 dagger
              (5 damage)
             ... on level 6 of the Dungeon.
             The game lasted 00:10:03 (3762 turns).

Kusio the Basher (Ogre Berserker)                   Turns: 3762, Time: 00:10:03

Health: -2/78      AC:  4    Str: 23    XL:     8   Next: 47%
Magic:  8/8        EV: 15    Int:  6    God:    Trog [***...]
Gold:   448        SH:  0    Dex: 16    Spells: 0 memorised, 7 levels left

rFire  + . .     SeeInvis .     n - +0 whip (drain)
rCold  x . .     Clarity  .     b - +0 animal skin
rNeg   . . .     SustAt   .     (no shield)
rPois  .         Gourm    .     (helmet restricted)
rElec  .         Spirit   .     (no cloak)
rCorr  .         Warding  .     (gloves unavailable)
rMut   .         Stasis   .     (boots unavailable)
MR     .....                    (no amulet)
Stlth  ++........               o - ring of fire
                                k - +1 ring of protection

@: agile, drained, not resistant to hostile enchantments, unstealthy
A: unfitting armour, tough skin 1
a: Burn Spellbooks, Berserk, Trog's Hand, Renounce Religion


You were on level 6 of the Dungeon.
You worshipped Trog.
Trog was most pleased with you.
You were not hungry.

You visited 1 branch of the dungeon, and saw 6 of its levels.

You collected 448 gold pieces.

Inventory:

Hand weapons
 n - a +0 whip of draining (weapon)
 w - a +0 giant club
Armour
 b - a +0 animal skin (worn)
Jewellery
 k - a +1 ring of protection (left hand)
 o - a ring of fire (right hand)
Magical devices
 v - a wand of slowing (14)
 x - a wand of confusion (31)
 C - a wand of disintegration (7)
Scrolls
 a - 2 scrolls of recharging
 e - a scroll of amnesia {unknown}
 g - 2 scrolls of teleportation {unknown}
 m - 3 scrolls of remove curse
 s - 2 scrolls of noise {unknown}
 t - a scroll of enchant weapon {unknown}
 y - a scroll of brand weapon {unknown}
 z - a scroll of fear {unknown}
 A - a scroll of fog {unknown}
Potions
 f - 2 potions of agility
 h - 2 potions of invisibility
 i - a potion of resistance
 j - 5 potions of curing
 p - a potion of ambrosia {unknown}
 q - 2 potions of haste
 u - 4 potions of flight
Comestibles
 c - 3 bread rations
 d - a beef jerky
 l - 3 meat rations
 r - 7 fruits
 B - a slice of pizza
 D - 3 chunks of flesh


   Skills:
 - Level 4.0(3.6) Fighting
 + Level 13.0(12.5) Maces & Flails
 - Level 2.6(2.3) Dodging


You had 7 spell levels left.
You didn't know any spells.

Dungeon Overview and Level Annotations

Branches:
Dungeon (6/15)             Temple (0/1) D:5

Altars:
Ashenzari
Kikubaaqudgha
Qazlal
Ru
Sif Muna
The Shining One


Innate Abilities, Weirdness & Mutations

You are too large for most types of armour.
You have tough skin (AC +1).


Message History

The wight is moderately damaged.
You closely miss the wight.
The wight is moderately damaged.
The wight hits you with a scimitar of freezing!
* * * LOW HITPOINT WARNING * * *
You feel drained.
* * * LOW HITPOINT WARNING * * *
The wight freezes you.
* * * LOW HITPOINT WARNING * * *
An orc comes into view. It is wielding a dagger.
The orc shouts!
The phantom hits you.
* * * LOW HITPOINT WARNING * * *
The orc closely misses you.
Drink which item? (? for menu, Esc to quit)
It was a potion of agility.
You feel agile all of a sudden. The orc completely misses you.
The phantom closely misses you. The orc hits you with a dagger.
You die...

#.# #############
#.#######............
#....................
#.#######.########### #.#
#..)).........# ###.#
#.#)#########.#
.##.#####.#.####### #.# #
...........>##....###.##.##.#
..#..####...##..@(#.........#
#.#..###....##).o.....##.#..#
#.#..............W#.#.#
#.##.###.#..#.....#.#.#
#.##.# #.#..#.....#z#.#
#.##.. .....#.....#z#.#
#................##.#.#
#.##.###.#.............
...... ..#.............


You could see a phantom and an orc.

Vanquished Creatures
  2 centaurs
  2 sky beasts
  The ghost of AvylaarBelgium the Cutter, an average DsGl (D:4)
  2 ogres
  A scorpion (D:5)
  A wight (D:6)
  2 centaur zombies
  A crimson imp (D:5)
  3 orc priests
  A giant frog skeleton (D:5)
  2 hounds
  2 orc wizards
  Terence (D:3)
  A hound skeleton (D:4)
  4 gnolls (D:3)
  5 adders
  2 oozes
  3 worms
  An adder skeleton (D:5)
  3 giant geckos
  19 orcs
  5 bats
  4 giant cockroaches
  9 hobgoblins
  8 giant newts
  7 goblins
  5 kobolds
  3 quokkas
  8 rats
108 creatures vanquished.

Notes
Turn   | Place    | Note
--------------------------------------------------------------
     0 | D:1      | Kusio the Ogre Berserker began the quest for the Orb.
     0 | D:1      | Reached XP level 1. HP: 24/24 MP: 1/1
   247 | D:1      | Reached XP level 2. HP: 25/32 MP: 2/2
   440 | D:2      | Reached skill level 5 in Maces & Flails
   504 | D:2      | Reached XP level 3. HP: 36/39 MP: 3/3
   683 | D:2      | Found a shattered altar of Ashenzari.
   697 | D:2      | Found a deep blue altar of Sif Muna.
   764 | D:2      | Acquired Trog's second power
   822 | D:2      | Reached skill level 6 in Maces & Flails
   939 | D:2      | Reached XP level 4. HP: 40/48 MP: 4/4
  1251 | D:3      | Found a stormy altar of Qazlal.
  1513 | D:3      | Reached skill level 7 in Maces & Flails
  1595 | D:3      | Reached XP level 5. HP: 41/54 MP: 5/5
  1611 | D:3      | Found a glowing golden altar of the Shining One.
  1611 | D:3      | Found a sacrificial altar of Ru.
  1615 | D:3      | Found a stormy altar of Qazlal.
  1812 | D:3      | Noticed Terence
  1823 | D:3      | Killed Terence
  1864 | D:3      | Reached skill level 8 in Maces & Flails
  2146 | D:4      | Noticed an ogre
  2213 | D:4      | Noticed AvylaarBelgium's ghost (average DsGl)
  2230 | D:4      | Killed AvylaarBelgium's ghost
  2230 | D:4      | Reached skill level 9 in Maces & Flails
  2230 | D:4      | Reached XP level 6. HP: 59/62 MP: 6/6
  2357 | D:4      | Killed an ogre
  2409 | D:4      | Reached XP level 7. HP: 55/70 MP: 7/7
  2580 | D:5      | Entered Level 5 of the Dungeon
  2584 | D:5      | Reached skill level 10 in Maces & Flails
  2754 | D:5      | Reached skill level 11 in Maces & Flails
  2858 | D:5      | Found an ancient bone altar of Kikubaaqudgha.
  2937 | D:5      | Reached XP level 8. HP: 31/78 MP: 8/8
  3183 | D:5      | Found a staircase to the Ecumenical Temple.
  3191 | D:5      | Reached skill level 12 in Maces & Flails
  3651 | D:6      | Reached skill level 13 in Maces & Flails
  3760 | D:6      | HP: 3/78 [phantom (4)]
  3762 | D:6      | Slain by an orc

Vault maps used:
D:1:      shiori_arrival_oz, serial_forest, infiniplex_forest_clump_cross,
          infiniplex_forest_lined_3, infiniplex_forest_straight_1,
          infiniplex_forest_clump_medium, infiniplex_forest_end_2,
          infiniplex_forest_lined_2, infiniplex_forest_lined_2,
          infiniplex_forest_zigzag_1
D:2:      lemuel_crystal_altar, led_sif_pool, serial_forest,
          infiniplex_forest_straight_3, infiniplex_forest_clump_double,
          infiniplex_forest_lined_corner, infiniplex_forest_clump_tiny,
          infiniplex_forest_clump_diagonal
D:3:      gammafunk_temple_overflow_forgotten, first_bread,
          grunt_qazlal_sundering, uniq_terence
D:5:      temple_hall, basic_altar, hangedman_decor_slide_cut

Action                   |  1- 3 |  4- 6 |  7- 9 || total
-------------------------+-------+-------+-------++-------
Melee: Mace              |    70 |       |       ||    70
       Whip              |    42 |   153 |   217 ||   412
Invok: Berserk           |       |     5 |     1 ||     6
  Use: Scroll            |       |       |    11 ||    11
       Potion            |       |       |     1 ||     1
 Stab: Sleeping          |     1 |       |       ||     1
  Eat: Chunk             |       |     7 |     7 ||    14
       Fruit             |       |     2 |       ||     2
